 Dungeon Sprint DCSS version 0.18-a0-1782-gb76a692 (webtiles) character file.

95 Kidiri the Sneak (level 4, -2/22 HPs)
             Began as a Spriggan Enchanter on Apr 18, 2016.
             Splashed by a jelly's acid (10 damage)
             ... in the Dungeon (Sprint III: "The Ten Rune Challenge").
             The game lasted 00:01:49 (400 turns).

Kidiri the Sneak (Spriggan Enchanter)                Turns: 400, Time: 00:01:51

Health: -2/22      AC:  0    Str:  4    XL:     4   Next: 39%
Magic:  10/11      EV: 22    Int: 18    God:
Gold:   22         SH:  0    Dex: 19    Spells: 4 memorised, 3 levels left

rFire  . . .     SeeInvis +     a - +1 dagger
rCold  . . .     Gourm    .     b - +1 robe
rNeg   . . .     Faith    .     (shield restricted)
rPois  .         Spirit   .     (helmet restricted)
rElec  .         Dismiss  .     (no cloak)
rCorr  .         Reflect  .     (gloves unavailable)
SustAt .         Harm     .     (boots unavailable)
MR     .....     NoTele   +     (no amulet)
Stlth  ++++......               (no ring)
                                (no ring)

@: corroded, very quick, not resistant to hostile enchantments, stealthy
A: unfitting armour, hooves 1, see invisible, agile 1, clever 1, herbivore 3,
speed 3, slow metabolism 2, MP-powered wands
a: no special abilities


You were in the Dungeon.
You were not hungry.

You visited 1 branch You collected 22 gold pieces.

Inventory:

Hand Weapons
 a - a +1 dagger (weapon)
Armour
 b - a +1 robe (worn)
Scrolls
 j - a scroll of blinking
 k - a scroll of recharging {unknown}
 m - a scroll of torment {unknown}
 n - a scroll of enchant armour {unknown}
 o - a scroll of identify {unknown}
 r - a scroll of immolation {unknown}
 s - a scroll of enchant weapon {unknown}
 t - 2 scrolls of remove curse
Potions
 f - a potion of heal wounds
 g - a potion of haste
 h - 2 potions of magic
 i - a potion of berserk rage
 l - a potion of lignification {unknown}
 p - 3 potions of cure mutation
 q - a potion of resistance {unknown}
 u - a potion of flight {unknown}
Books
 c - a book of Maledictions

   Spells                             Type                      Level
   a - Corona                         Hexes                        1
   b - Ensorcelled Hibernation        Hexes/Ice                    2
   c - Confuse                        Hexes                        3
   d - Tukima's Dance                 Hexes                        3
   e - Dazzling Spray                 Conjuration/Hexes            3
Comestibles
 d - 2 bread rations


   Skills:
 + Level 1.6 Fighting
 * Level 3.9 Short Blades
 + Level 1.5 Armour
 * Level 6.2 Dodging
 * Level 7.0 Stealth
 * Level 4.8 Spellcasting
 + Level 0.8 Conjurations
 + Level 4.7 Hexes
 + Level 1.2 Ice Magic


You had 3 spell levels left.
You knew the following spells:

 Your Spells              Type           Power        Failure   Level  Hunger
a - Corona                Hex            ###....      1%          1    None
b - Ensorcelled Hibernat  Hex/Ice        ###...       8%          2    #......
c - Confuse               Hex            ###.....     10%         3    ###....
e - Dazzling Spray        Conj/Hex       ##......     17%         3    ###....


Dungeon Overview and Level Annotations

Branches:
Dungeon (1/1)

Altars:


Innate Abilities, Weirdness & Mutations

You are tiny and cannot use many weapons and most armour.
You have supernaturally acute eyesight.
You are a herbivore.
You cover ground extremely quickly.
You need consume almost no food.
You have large cloven feet.
You are agile. (Dex +2)
Your mind is acute. (Int +2)
You expend magic power (3 MP) to strengthen your wands.


Message History

You have reached level 4!
There is a fountain of clear blue water here.
You open the door.
A jelly comes into view.
Found a royal jelly.
A shadow comes into view.
There is an open door here.
You hit the shadow but do no damage.
The shadow slips into darkness.
The shadow flickers and vanishes for a moment.
Unknown command.
The shadow barely misses you.
The jelly quivers.
The jelly hits you.
You are splashed with acid!
The acid burns!
You see here a royal jelly.
You hit the jelly.
Your hands burn!
The jelly is moderately wounded.
The jelly hits you.
You are splashed with acid!
The acid corrodes you!
The acid burns!
You die...

#.%#..#
#..#..###+#+###+##
##'#..#..........#
###...'.⌠........#
###...#...######'#
##....#.⌠.# #...#
#.....#...# #...#
......#+### #..W#
#.....# #..@+
##....# +..J#
▓▓▓▓▓▓ ▓▓▓▓▓


You could see a shadow (invisible) and a jelly.

Vanquished Creatures
  A water elemental (D)
  A human (D)
  A wolf (D)
  4 rats (D)
7 creatures vanquished.

Vanquished Creatures (others)
  2 draconian scorchers (D)
  A yaktaur (D)
3 creatures vanquished.

Grand Total: 10 creatures vanquished

Notes
Turn   | Place    | Note
--------------------------------------------------------------
     0 | D        | Kidiri the Spriggan Enchanter began the quest for the Orb.
     0 | D        | Reached XP level 1. HP: 9/9 MP: 5/5
    53 | D        | Noticed a wolf
    56 | D        | Killed a wolf
    56 | D        | Reached skill level 5 in Stealth
    56 | D        | Reached XP level 2. HP: 14/14 MP: 7/7
    64 | D        | Learned a level 2 spell: Ensorcelled Hibernation
   169 | D        | Reached skill level 1 in Fighting
   169 | D        | Reached skill level 1 in Armour
   169 | D        | Reached skill level 5 in Dodging
   169 | D        | Reached skill level 6 in Stealth
   169 | D        | Reached XP level 3. HP: 6/18 MP: 2/9
   211 | D        | Killed a yaktaur
   235 | D        | Gained mutation: You are frail (-10% HP). [potion of mutation]
   235 | D        | Gained mutation: You have large cloven feet. [potion of mutation]
   235 | D        | Gained mutation: Your mind is acute. (Int +2) [potion of mutation]
   236 | D        | Lost mutation: You are frail (-10% HP). [potion of mutation]
   236 | D        | Gained mutation: You are agile. (Dex +2) [potion of mutation]
   236 | D        | Gained mutation: You expend magic power (3 MP) to strengthen your wands. [potion of mutation]
   238 | D        | Killed a white draconian scorcher
   266 | D        | Killed a white draconian scorcher
   371 | D        | Learned a level 3 spell: Confuse
   375 | D        | Learned a level 3 spell: Dazzling Spray
   381 | D        | Noticed a water elemental
   384 | D        | Killed a water elemental
   384 | D        | Reached skill level 7 in Stealth
   384 | D        | Reached skill level 1 in Ice Magic
   384 | D        | Reached XP level 4. HP: 22/22 MP: 9/11
   394 | D        | Noticed a shadow
   400 | D        | Splashed by a jelly's acid

Vault maps used:
D:        dungeon_sprint_mu

Skill      XL: |  1  2  3 |
---------------+----------+-----
Dodging        | 4 5 6 |  6.2
Short Blades   | 2 3 |  3.9
Stealth        | 5 6 7 |  7.0
Spellcasting   | 3 4 |  4.8
Hexes          | 4 |  4.7
Fighting       | 1 |  1.6
Armour         | 1 |  1.5
Ice Magic      | 1 |  1.2
Conjurations   | |  0.8

Action                   |  1- 3 |  4- 6 || total
-------------------------+-------+-------++-------
Melee: Dagger            |    27 |     2 ||    29
 Cast: Corona            |     3 |       ||     3
       Ensorcelled Hiber |     2 |       ||     2
  Use: Potion            |     3 |       ||     3
 Stab: Sleeping          |     6 |       ||     6
Armor: Robe              |     1 |       ||     1
Dodge: Dodged            |    19 |     1 ||    20
